 Dungeon Crawl Stone Soup version 0.21.1-1-g345015f (webtiles) character file.

2331 shakethe the Cleaver (level 9, -14/94 HPs)
             Began as a Human Berserker on Feb 5, 2018.
             Was an Elder of Trog.
             Demolished by Menkaure (21 damage)
             ... on level 7 of the Dungeon.
             The game lasted 00:28:06 (6346 turns).

shakethe the Cleaver (Human Berserker)              Turns: 6346, Time: 00:28:06

Health: -14/94     AC:  9    Str: 25    XL:     9   Next: 70%
Magic:  9/9        EV: 11    Int: 10    God:    Trog [****..]
Gold:   375        SH:  0    Dex: 17    Spells: 8/8 levels left

rFire    + . .     SeeInvis .   x - +0 war axe
rCold    . . .     Gourm    .   (no shield)
rNeg     . . .     Faith    .   v - +2 scale mail {rF+}
rPois    .         Spirit   .   (no helmet)
rElec    .         Reflect  .   (no cloak)
rCorr    .         Harm     .   (no gloves)
MR       .....                  J - +0 pair of boots
Stlth    ..........             w - amulet of regeneration
HPRegen  0.65/turn              q - +3 ring of intelligence
MPRegen  0.11/turn              o - +3 ring of dexterity

@: berserking, very quick
A: no striking features
a: Berserk, Trog's Hand, Brothers in Arms, Burn Spellbooks, Renounce Religion


You were on level 7 of the Dungeon.
You worshipped Trog.
Trog was greatly pleased with you.
You were hungry.

You visited 2 branches of the dungeon, and saw 8 of its levels.

You collected 375 gold pieces.

Inventory:

Hand Weapons
 a - a +0 hand axe
 m - a +2 vampiric battleaxe
 x - a +0 war axe (weapon)
 D - a +5 long sword
 M - a cursed +0 great sword
 N - a +2 great sword
 O - a cursed +3 scimitar
Missiles
 P - a javelin (quivered)
Armour
 b - a +0 animal skin
 d - a +0 ring mail
 i - a +0 scale mail
 r - a +0 chain mail
 v - a +2 scale mail of fire resistance (worn)
 J - a +0 pair of boots (worn)
 R - a +0 pair of boots
Magical Staves
 Q - an uncursed staff of conjuration {unknown}
Jewellery
 f - an uncursed amulet of inaccuracy
 h - an uncursed amulet of guardian spirit
 o - a +3 ring of dexterity (right hand)
 q - a +3 ring of intelligence (left hand)
 w - an amulet of regeneration (around neck)
Wands
 F - a wand of flame (20)
 K - a wand of scattershot (7)
Scrolls
 k - a scroll of noise
 l - 2 scrolls of teleportation
 n - 4 scrolls of identify
 s - 2 scrolls of immolation
 u - 2 scrolls of remove curse
 y - a scroll of fear
 z - a scroll of enchant armour
 E - 3 scrolls of fog {unknown}
 H - a scroll of enchant weapon {unknown}
 I - a scroll of magic mapping {unknown}
Potions
 e - a potion of resistance
 g - 3 potions of magic
 j - 2 potions of brilliance
 p - 2 potions of heal wounds
 t - 2 potions of curing
 G - a potion of ambrosia {unknown}
 L - a potion of lignification {unknown}
Books
 A - a book of Flames

   Spells                             Type                      Level
   a - Flame Tongue                   Conjuration/Fire             1
   b - Throw Flame                    Conjuration/Fire             2
   c - Conjure Flame                  Conjuration/Fire             3
   d - Inner Flame                    Hexes/Fire                   3
   e - Sticky Flame                   Conjuration/Fire             4
   f - Fireball                       Conjuration/Fire             5
   Trog disapproves of the use of such an item.
 B - a book of Frost

   Spells                             Type                      Level
   a - Freeze                         Ice                          1
   b - Throw Frost                    Conjuration/Ice              2
   c - Ozocubu's Armour               Charms/Ice                   3
   d - Throw Icicle                   Conjuration/Ice              4
   e - Summon Ice Beast               Ice/Summoning                4
   Trog disapproves of the use of such an item.
 C - a book of Frost

   Spells                             Type                      Level
   a - Freeze                         Ice                          1
   b - Throw Frost                    Conjuration/Ice              2
   c - Ozocubu's Armour               Charms/Ice                   3
   d - Throw Icicle                   Conjuration/Ice              4
   e - Summon Ice Beast               Ice/Summoning                4
   Trog disapproves of the use of such an item.
Comestibles
 c - 10 rations


   Skills:
 - Level 3.0 Fighting
 + Level 9.3 Axes
 + Level 8.6 Throwing
 - Level 2.0 Armour
 - Level 2.0 Dodging


You had 8 spell levels left.
You didn't know any spells.

Dungeon Overview and Level Annotations

Branches:
Dungeon (7/15)             Temple (1/1) D:7

Altars:
Fedhas
Hepliaklqana
Nemelex Xobeh
Trog
Vehumet
Yredelemnul

Shops:
D:4 [

Annotations:
D:4 exclusion: statue
D:7 Menkaure


Message History

You slash the bullfrog skeleton!
The bullfrog skeleton is almost destroyed.
The bullfrog skeleton hits you.
You slash the bullfrog skeleton!
You destroy the bullfrog skeleton!
Trog accepts your kill.
Menkaure calls on the powers of darkness!
Your body is wracked with pain!
You hit Menkaure but do no damage. Menkaure hits you!
* * * LOW HITPOINT WARNING * * *
A red film seems to cover your vision as you go berserk!
You feel yourself moving faster!
You feel mighty!
You are feeling hungry.
Menkaure points at you and mumbles some strange words.
Pain shoots through your body!
* * * LOW HITPOINT WARNING * * *
You slash Menkaure!
Menkaure is severely damaged.
Menkaure hits you!!
You die...

#.# #.# #.# #.#
#.# #.# #.# #.#
#.# #.# #.# #.#
#.#
#.###########M#
#............@#
###############


You could see Menkaure.

Vanquished Creatures
  Prince Ribbit (D:7)
  An orc warrior (D:7)
  2 sky beasts (D:7)
  2 phantoms
  2 centaurs
  2 big kobolds (D:7)
  A wyvern zombie (D:6)
  4 bullfrogs
  A killer bee (D:7)
  5 wights (D:7)
  2 howler monkeys
  A jelly (D:5)
  4 orc priests
  2 bullfrog skeletons (D:7)
  2 iguanas
  5 orc wizards
  6 worker ants
  A hound zombie (D:6)
  6 adders
  3 adder skeletons (D:4)
  2 worms
  4 dart slugs
  6 leopard geckos
  24 orcs
  A ball python (D:5)
  8 bats
  9 giant cockroaches
  7 goblins
  5 hobgoblins
  8 jackals
  5 quokkas
  A ball python skeleton (D:6)
  6 frilled lizards
  A jackal skeleton (D:5)
  3 kobolds
  A quokka skeleton (D:5)
  7 rats
151 creatures vanquished.

Vanquished Creatures (others)
  An orc wizard (D:6)
1 creature vanquished.

Grand Total: 152 creatures vanquished

Notes
Turn   | Place    | Note
-------+----------+-------------------------------------------
     0 | D:1      | shakethe the Human Berserker began the quest for the Orb.
     0 | D:1      | Reached XP level 1. HP: 18/18 MP: 1/1
    86 | D:1      | Reached XP level 2. HP: 19/24 MP: 2/2
    86 | D:1      | Reached skill level 1 in Throwing
   492 | D:1      | Reached XP level 3. HP: 21/29 MP: 3/3
  1229 | D:2      | Found a basalt altar of Yredelemnul.
  1456 | D:2      | Found a blossoming altar of Fedhas.
  1469 | D:2      | Reached XP level 4. HP: 35/35 MP: 4/4
  1478 | D:2      | Reached ** piety under Trog
  1478 | D:2      | Reached skill level 4 in Axes
  1873 | D:3      | Reached XP level 5. HP: 39/41 MP: 2/5
  2014 | D:3      | Found a hazy altar of Hepliaklqana.
  2604 | D:4      | Reached XP level 6. HP: 29/47 MP: 4/6
  2627 | D:4      | Found a radiant altar of Vehumet.
  2637 | D:4      | Reached skill level 5 in Axes
  2698 | D:4      | Found a sparkling altar of Nemelex Xobeh.
  2885 | D:4      | Found a bloodstained altar of Trog.
  2948 | D:4      | Found Edykhushro's Antique Armour Shoppe.
  3040 | D:4      | Reached *** piety under Trog
  3621 | D:5      | Entered Level 5 of the Dungeon
  3634 | D:5      | Noticed a phantom
  3699 | D:4      | Paralysed by fainting for 11 turns
  3812 | D:4      | Killed a phantom
  3812 | D:4      | Reached XP level 7. HP: 52/52 MP: 7/7
  3829 | D:5      | Reached skill level 6 in Axes
  3829 | D:5      | Reached skill level 5 in Throwing
  4140 | D:5      | Reached XP level 8. HP: 55/58 MP: 8/8
  4903 | D:6      | Reached skill level 7 in Axes
  5265 | D:6      | Reached **** piety under Trog
  5265 | D:6      | Received a gift from Trog
  5495 | D:7      | Reached skill level 8 in Axes
  5495 | D:7      | Reached XP level 9. HP: 38/63 MP: 9/9
  5686 | D:7      | Noticed a cyclops
  5799 | D:7      | Noticed Prince Ribbit
  5815 | D:7      | Killed Prince Ribbit
  5964 | D:7      | Reached skill level 9 in Axes
  6095 | D:7      | Found a staircase to the Ecumenical Temple.
  6244 | Temple   | Entered the Ecumenical Temple
  6337 | D:7      | Noticed Menkaure
  6346 | D:7      | Demolished by Menkaure

Skill      XL: |  1  2  3  4  5  6  7  8  9 |
---------------+----------------------------+-----
Throwing       | 1 2 3 4 5 7 8 |  8.6
Axes           | 4 5 6 8 9 |  9.3
Fighting       | |  3.0
Armour         | |  2.0
Dodging        | |  2.0

Action                   |  1- 3 |  4- 6 |  7- 9 || total
-------------------------+-------+-------+-------++-------
Melee: Hand axe          |   126 |   246 |       ||   372
       War axe           |       |       |   293 ||   293
Throw: Tomahawk          |       |     2 |     6 ||     8
       Javelin           |       |       |     6 ||     6
Invok: Berserk           |     1 |     6 |     7 ||    14
       Trog's Hand       |       |     1 |       ||     1
  Use: Scroll            |     2 |     2 |    11 ||    15
  Eat: Chunk             |     2 |    11 |     8 ||    21
       Ration            |       |     1 |     2 ||     3
Armor: Ring mail         |    57 |     2 |       ||    59
       Chain mail        |       |    39 |       ||    39
       Scale mail        |       |   109 |   133 ||   242
Dodge: Dodged            |    97 |   163 |   144 ||   404
